 Dungeon Crawl Stone Soup version 0.31-a0-1300-gb6740aa4e6 (webtiles) character file.

Game seed: 6417823169880224612

74 IdlyInterested the Trooper (level 4, -2/37 HPs)
             Began as a Demonspawn Fighter on Dec 18, 2023.
             Slain by Terence
             ... wielding a +0 mace
              (4 damage)
             ... on level 3 of the Dungeon.
             The game lasted 00:05:14 (1977 turns).

IdlyInterested the Trooper (Demonspawn Fighter)     Turns: 1977, Time: 00:05:15

Health: -2/37      AC:  7    Str: 17    XL:     4   Next: 10%
Magic:  4/4        EV:  9    Int:  8    God:
Gold:   208        SH:  5    Dex: 14    Spells: 3/3 levels left

rFire   . . .        l - +1 hand axe (vamp)
rCold   . . .        b - +0 buckler
rNeg    . . .        a - +0 scale mail
rPois   .            (no helmet)
rElec   .            (no cloak)
rCorr   .            d - +0 pair of gloves
SInv    .            (no boots)
Will    .....        (no amulet) Stlth
                     (no ring)
HPRegen 0.26/turn    (no ring)
MPRegen 0.09/turn

%: no passive effects
@: mighty, lethally poisoned (-2 -> -4), hasted, very quick
A: hooves 1, foul stench 1
a: no special abilities


You were on level 3 of the Dungeon.
You visited 1 branch of the dungeon, and saw 3 of its levels.

You collected 208 gold pieces.

Inventory:

Hand Weapons
 i - a +2 dagger of venom
 j - a +1 hand axe of venom
 l - a +1 vampiric hand axe (weapon)
 m - a +0 spear
 o - a +0 war axe
 t - a +0 hand axe
 u - a +2 heavy hand axe
 v - a +0 flail
Missiles
 g - 31 stones (quivered)
 p - 6 javelins
Armour
 a - a +0 scale mail (worn)
 b - a +0 buckler (worn)
 d - a +0 pair of gloves (worn)
Scrolls
 e - a scroll of enchant armour
 h - a scroll of fog
 n - 2 scrolls of poison {unknown}
 q - a scroll of fear {unknown}
Potions
 k - a potion of mutation {unknown}
 r - a potion of brilliance {unknown}
 s - a potion of curing {unknown}


   Skills:
 + Level 3.7 Fighting
 - Level 3.0 Armour
 * Level 1.5 Dodging
 * Level 3.3 Shields
 - Level 1.7 Unarmed Combat


You had 3 spell levels left.
You didn't know any spells.
Your spell library contained the following spells:

 Spells                   Type           Power      Damage    Failure   Level
 Apportation              Tloc           0%         N/A       88%         1
 Necrotise                Necr           0%         1d4       88%         1
 Summon Small Mammal      Summ           0%         N/A       88%         1
 Hailstorm                Conj/Ice       0%         3d5       99%         3
 Summon Ice Beast         Ice/Summ       0%         N/A       100%        4
 Simulacrum               Ice/Necr       0%         N/A       100%        6


Dungeon Overview and Level Annotations

Branches:
Dungeon (3/15)

Altars:
Cheibriados
Okawaru
Wu Jian

Shops:
D:1 =

Annotations:
D:3 Terence


Innate Abilities, Weirdness & Mutations

You have large cloven feet.
You may rarely emit foul miasma when damaged in melee.


Message History

You closely miss the adder. Your kick misses the adder.
The adder is heavily wounded.
You feel sick. You block the adder's attack.
You closely miss the adder. Your kick misses the adder.
The adder is severely wounded.
You feel very sick. The adder misses you.
The adder bites you but does no damage. You block Terence's attack.
You barely miss Terence. You kick Terence, but do no damage.
You miss the adder.
You feel sick. The adder bites you but does no damage.
Terence hits you with a +0 mace. The adder bites you.
You are more poisoned.
The adder poisons you!
Unknown command.
Okay, then.
Your +1 hand axe of venom stops dripping with poison.
You feel a sense of dread.
l - a +1 vampiric hand axe (weapon)
You feel sick. You block the adder's attack. Terence hits you with a +0 mace.
* * * LOW HITPOINT WARNING * * *
You feel very mighty all of a sudden.
* * * LOW HITPOINT WARNING * * *
You feel sick.
You kill the adder!
Terence hits you but does no damage.
You have reached level 4!
You feel stronger.
Your demonic ancestry asserts itself...
You begin to emit a foul stench of rot and decay.
You barely miss Terence.
You feel sick. Terence hits you with a +0 mace.
* * * LOW HITPOINT WARNING * * *
Okay, then.
You hit Terence. Your kick misses Terence.
Terence is moderately wounded.
* * * LOW HITPOINT WARNING * * *
You feel sick. Terence hits you but does no damage.
It was a potion of haste.
You feel yourself speed up.
* * * LOW HITPOINT WARNING * * *
You feel sick. Terence hits you with a +0 mace.
You die...
Terence says, "Time to find some more victims."

.......†....#.##
.............#.#
#####..........#####
#####..............## #.
......#.<..####<..
##.....####....# ####
###...##.# ##....#
#......#.###.....#
#@@.........# ##
......†##........######.
.....## ##.##...........
##.. ##...........[...
#.. .....####.......# ..
......###>........ #
#..........#....##....
#.....................
#...............#.....


You could see Terence.

Vanquished Creatures
  An adder (D:3)
  A gnoll (D:1)
  A dart slug (D:2)
  6 orcs (D:3)
  2 ball pythons
  6 bats
  7 endoplasms
  2 giant cockroaches
  3 goblins
  3 hobgoblins (D:1)
  2 quokkas
  4 frilled lizards
  2 kobolds (D:2)
  4 rats
44 creatures vanquished.

Notes
Turn   | Place    | Note
-------+----------+-------------------------------------------
     0 | D:1      | IdlyInterested the Demonspawn Fighter began the quest for
                  | the Orb.
     0 | D:1      | Reached XP level 1. HP: 18/18 MP: 1/1
   139 | D:1      | Gained mutation: You have large cloven feet. [demonic
                  | ancestry]
   139 | D:1      | Reached XP level 2. HP: 24/24 MP: 2/2
   444 | D:1      | Found Egororou's One-of-a-Kind Rings.
  1011 | D:2      | Reached XP level 3. HP: 29/29 MP: 3/3
  1220 | D:2      | Reached skill level 1 in Dodging
  1665 | D:3      | Found an ornate altar of the Wu Jian Council.
  1665 | D:3      | Found an iron altar of Okawaru.
  1666 | D:3      | Found a snail-covered altar of Cheibriados.
  1966 | D:3      | Noticed Terence
  1975 | D:3      | Gained mutation: You may rarely emit foul miasma when
                  | damaged in melee. [demonic ancestry]
  1975 | D:3      | Reached XP level 4. HP: 7/37 MP: 4/4
  1977 | D:3      | Slain by Terence

Illustrated notes

Levels and vault maps discovered:
D:1:      dpeg_arrival_round_b, layout_basic, nicolae_shop_unique_rings,
          grunt_decor_fettered, hangedman_abyss_or_decor_lesser_grid
D:2:      layout_loops_cross, kennysheep_cross_bottleneck,
          minmay_misc_feat_columns, minmay_crystal_room, dk_noncrumbling_2,
          minmay_statues_item, kennysheep_flooded_box, chequers_mini_garden,
          dreamdust_wishing_well
D:3:      layout_rooms, gammafunk_temple_overflow_claw, uniq_terence

Skill      XL: |  1  2  3 |
---------------+----------+-----
Armour         | 3 |  3.0
Shields        | 3 |  3.3
Dodging        | 1 |  1.5
Fighting       | |  3.7
Unarmed Combat | |  1.7

Action                     |  1- 3 |  4- 6 || total
---------------------------+-------+-------++-------
  Melee: Unarmed           |    31 |       ||    31
         Hand axe          |    74 |     2 ||    76
         Kick              |    21 |       ||    21
         Dagger            |     6 |       ||     6
  Throw: Stone             |     2 |       ||     2
    Use: Potion            |     2 |     1 ||     3
         Scroll            |     2 |       ||     2
 Armour: Scale mail        |    66 |     3 ||    69
  Dodge: Dodged            |    45 |       ||    45
  Block: Buckler           |    22 |       ||    22

Table legend: (Time is in decaauts)
 A = Elapsed time spent in this place.
 B = Non-inter-level travel time spent in this place.
 C = Inter-level travel time spent in this place.
 D = Time resting spent in this place.
 E = Time spent auto-exploring this place.
 F = Levels seen in this place.
 G = Mean time per level.
                   A        B        C        D        E       F      G
               +--------+--------+--------+--------+--------+-----+--------+
         Total |   2000 |   1768 |    232 |    153 |   1158 |   3 |  666.7 |
       Dungeon |   2000 |   1768 |    232 |    153 |   1158 |   3 |  666.7 |
               +--------+--------+--------+--------+--------+-----+--------+

Top non-repeatable levels by time:
     D:2: 854 daAuts
     D:1: 807 daAuts
     D:3: 338 daAuts
